 Dungeon Crawl Stone Soup version 0.25-a0-578-gc91f01c (webtiles) character file.

Game seed: 11921194681575946978, levelgen mode: deterministic

12202 Faels the Carver (level 11, -23/75 HPs)
             Began as a Demonspawn Fighter on Mar 3, 2020.
             Was a High Priest of Okawaru.
             Killed from afar by a tengu reaver (49 damage)
             ... with a fireball
             ... on level 11 of the Dungeon.
             The game lasted 00:44:03 (14727 turns).

Faels the Carver (Demonspawn Fighter)              Turns: 14727, Time: 00:44:04

Health: -23/75     AC: 13    Str: 20    XL:     11   Next: 59%
Magic:  0/14       EV: 11    Int: 10    God:    Okawaru [*****.]
Gold:   1012       SH: 11    Dex: 11    Spells: 10/10 levels left

rFire    . . .     SeeInvis +   l - +0 scimitar
rCold    . . .     Gourm    .   c - +0 kite shield
rNeg     . . .     Faith    .   D - +0 chain mail
rPois    +         Spirit   +   (helmet unavailable)
rElec    +         Reflect  .   N - scarf {Spirit}
rCorr    .         Harm     .   (no gloves)
MR       .....                  (no boots)
Stlth    ..........             (no amulet)
HPRegen  0.22/turn              i - ring of poison resistance
MPRegen  0.14/turn              L - ring of Pride {+Blink rElec Str+3 Dex-4 SInv}

@: heroism, very slightly contaminated
A: antennae 3, icy blue scales 2, foul stench 1, spiny 1, rot immunity
a: Heroism, Finesse, Renounce Religion, Evoke Blink


You were on level 11 of the Dungeon.
You worshipped Okawaru.
Okawaru was extremely pleased with you.
You were not hungry.

You visited 2 branches of the dungeon, and saw 12 of its levels.
You also visited: Bailey.

You collected 1012 gold pieces.

Inventory:

Hand Weapons
 l - a +0 scimitar (weapon)
 q - a +4 spear
 z - a +3 short sword of draining
 A - a +3 rapier
 J - a +1 short sword of protection
 T - a +1 dagger of venom
 V - a +2 morningstar of holy wrath
Missiles
 d - 6 throwing nets
 g - 8 atropa-tipped darts
 w - 63 poisoned darts (quivered)
 E - 2 silver boomerangs
 H - 6 boomerangs
Armour
 c - a +0 kite shield (worn)
 x - a +0 cloak
 y - a +0 plate armour
 D - a +0 chain mail (worn)
 N - a scarf of spirit shield (worn)
Jewellery
 h - an uncursed ring of resist corrosion
 i - a ring of poison resistance (left hand)
 o - an uncursed ring of ice
 u - an uncursed ring of stealth
 K - a +3 ring of slaying
 L - the ring of Pride (right hand) {+Blink rElec Str+3 Dex-4 SInv}
   (You found it on level 8 of the Dungeon)

   [ring of strength]

   It affects your strength (+3).
   It affects your dexterity (-4).
   It insulates you from electricity.
   It lets you see invisible.
   It lets you blink.
 M - an uncursed ring of protection from magic {unknown}
 Q - an uncursed ring of fire {unknown}
Wands
 j - a wand of disintegration (10)
 k - a wand of flame (40)
 F - a wand of digging (4)
 I - a wand of scattershot (4)
 P - a wand of polymorph (11)
 R - a wand of iceblast (5)
Scrolls
 n - 4 scrolls of remove curse
 v - a scroll of immolation
 B - a scroll of noise {unknown}
 C - a scroll of amnesia {unknown}
 S - a scroll of fog
 Y - 2 scrolls of identify
Potions
 a - a potion of haste
 b - a potion of cancellation {unknown}
 e - 6 potions of curing
 m - 5 potions of lignification
 r - 4 potions of flight
 G - a potion of brilliance
 O - a potion of stabbing
 U - a potion of might
 W - 2 potions of ambrosia
Miscellaneous
 t - a fan of gales
Comestibles
 f - 19 rations


   Skills:
 - Level 3.0(8.0) Fighting
 - Level 9.8(16.9) Short Blades
 * Level 11.2(17.6) Long Blades
 - Level 1.0(6.0) Throwing
 - Level 2.6(7.6) Armour
 - Level 6.9(11.9) Dodging
 - Level 2.6(7.6) Shields
 - Level 4.1 Invocations
 - Level 3.5 Evocations


You had 10 spell levels left.
You didn't know any spells.
Your spell library contained the following spells:

 Spells                   Type           Power        Failure   Level  Hunger
 Corona                   Hex            #......      100%        1    ##.....
 Freeze                   Ice            #...         100%        1    ##.....
 Magic Dart               Conj           #...         100%        1    ##.....
 Blink                    Tloc           N/A          100%        2    ###....
 Call Imp                 Summ           #.......     100%        2    ###....
 Ensorcelled Hibernation  Hex/Ice        #.....       100%        2    ###....
 Slow                     Hex            #.......     100%        2    ###....
 Confusing Touch          Hex            #.......     100%        3    ####...
 Conjure Flame            Conj/Fire      #.......     100%        3    ####...
 Dazzling Flash           Conj/Hex       #.....       100%        3    ####...
 Frozen Ramparts          Ice            #.....       100%        3    ####...
 Mephitic Cloud           Conj/Pois/Air  #.......     100%        3    ####...
 Ozocubu's Armour         Chrm/Ice       #.......     100%        3    ####...
 Tukima's Dance           Hex            #.......     100%        3    ####...
 Cause Fear               Hex            #.........   100%        4    #####..
 Hailstorm                Conj/Ice       #.......     100%        4    #####..
 Summon Ice Beast         Ice/Summ       #.......     100%        4    #####..
 Silence                  Hex/Air        #.........   100%        5    ######.
 Yara's Violent Unravell  Hex/Tmut       #.........   100%        5    ######.
 Deflect Missiles         Chrm/Air       #.........   100%        6    #######
 Discord                  Hex            #.........   100%        8    #######


Dungeon Overview and Level Annotations

Branches:
Dungeon (11/15)            Temple (1/1) D:4          Bailey (visited)
   Lair: D:8-11         Orc: D:9-12

Altars:
Ashenzari
Cheibriados
Dithmenos
Elyvilon
Fedhas
Gozag
Hepliaklqana
Kikubaaqudgha
Makhleb
Nemelex Xobeh
Okawaru
Qazlal
Ru
Sif Muna
Trog
Uskayaw
Vehumet
Wu Jian
Xom
Yredelemnul
Zin
The Shining One

Shops:
D:9 (


Innate Abilities, Weirdness & Mutations

You have a pair of large antennae on your head. (SInv)
You are mostly covered in icy blue scales. (AC +3)
You may emit foul miasma when damaged in melee.
You are partially covered in sharp spines.
You are immune to rotting.


Message History

The tengu reaver points at you and mumbles some strange words.
The bolt of magma hits you!!!
Ouch! That really hurt!
* * * LOW HITPOINT WARNING * * *
The battlesphere fires!
The barrage of energy hits you!
* * * LOW HITPOINT WARNING * * *
You feel much better. The tengu reaver misses you. The tengu reaver pecks you.
The tengu reaver claws you.
Blink to where?
Press: ? - help, Dir - move target cursor You are very lightly contaminated with residual magic.
As you read the scroll of blinking, it crumbles to dust.
As you read the scroll of fog, it crumbles to dust.
The scroll dissolves into smoke.
The tengu reaver misses you.
The tengu reaver pecks you but does no damage.
The tengu reaver looks sick.
The tengu reaver claws you! The tengu reaver casts a spell at you.
The fireball explodes!
The fireball engulfs you!!!
Ouch! That really hurt!
You die...

#.............#######..
###.##...........#######.
#............#...........
#....######..###..####.#.
#....#⌠...##.####.## #...
#.8'8#.._§§#..# #..# ###.
#.#.######Q#..####.###...
#.#..'..§§*#...........#.
#.#..'.§@§§#..###########
#.#)######§#..# #.8'8#{
..#..# #....# ..##..#
#....######...#
#....)........#
##########....# ######


You could see a tengu reaver and a battlesphere.

Vanquished Creatures
  A queen ant (D:9)
  An ugly thing (D:11)
  The ghost of twitchblade17 the Ducker, a novice HaMo (D:5)
  A cyclops (D:9)
  A hornet (D:9)
  A meliai (D:11)
  A hippogriff (D:11)
  A wyvern (D:9)
  A vampire (D:10)
  A human (D:7)
  3 hogs (D:7)
  10 yaks
  A steam dragon (D:11)
  3 hungry ghosts
  19 soldier ants (D:10)
  A water moccasin (D:10)
  A porcupine (D:11)
  4 orc warriors
  2 ice beasts
  A black bear (D:9)
  A phantom (D:11)
  A necrophage (D:8)
  2 sky beasts
  An ogre (D:4)
  2 crocodiles
  4 centaurs
  4 big kobolds
  A bullfrog (D:8)
  8 gnoll sergeants (Bailey)
  A water moccasin skeleton (D:7)
  3 scorpions
  A wight (D:11)
  3 howler monkeys (D:7)
  An electric eel (D:7)
  2 crimson imps
  9 hounds
  6 gnoll shamans (Bailey)
  4 jellies
  3 orc priests
  A centaur skeleton (D:6)
  3 bullfrog skeletons
  2 iguanas
  Ijyb (D:3)
  Terence (D:2)
  Natasha (thrice) (D:3)
  3 orc wizards
  22 worker ants
  A hound zombie (D:8)
  A worker ant zombie (D:9)
  Robin (D:2)
  14 gnolls (Bailey)
  A howler monkey skeleton (D:7)
  8 adders
  2 shadow imps (D:8)
  An ooze (D:3)
  3 adder skeletons
  A worm (D:2)
  4 dart slugs
  4 leopard geckos
  36 orcs
  3 giant cockroaches
  2 gnoll zombies (D:4)
  15 goblins
  6 hobgoblins
  8 jackals
  16 kobolds
  4 quokkas
  A ball python skeleton (D:4)
  8 bats
  5 frilled lizards
  8 rats
301 creatures vanquished.

Vanquished Creatures (others)
  A plant (D:11)
1 creature vanquished.

Grand Total: 302 creatures vanquished

Notes
Turn   | Place    | Note
-------+----------+-------------------------------------------
     0 | D:1      | Faels the Demonspawn Fighter began the quest for the Orb.
     0 | D:1      | Reached XP level 1. HP: 18/18 MP: 1/1
    20 | D:1      | Reached skill level 2 in Long Blades
   401 | D:1      | Gained mutation: You are partially covered in icy blue
                  | scales. (AC +2) [demonic ancestry]
   401 | D:1      | Reached XP level 2. HP: 22/24 MP: 2/2
   901 | D:2      | Reached skill level 3 in Long Blades
   919 | D:2      | Gained mutation: You have a pair of small antennae on your
                  | head. [demonic ancestry]
   919 | D:2      | Reached XP level 3. HP: 28/29 MP: 3/3
  1474 | D:2      | Noticed Terence
  1499 | D:2      | Killed Terence
  1499 | D:2      | Reached skill level 1 in Dodging
  1499 | D:2      | Gained mutation: You are partially covered in sharp spines.
                  | [demonic ancestry]
  1499 | D:2      | Reached XP level 4. HP: 18/35 MP: 4/4
  1737 | D:1      | Reached skill level 4 in Long Blades
  1972 | D:2      | Found a shadowy altar of Dithmenos.
  1972 | D:2      | Noticed Robin
  2175 | D:2      | Killed Robin
  2306 | D:2      | Found a white marble altar of Elyvilon.
  2306 | D:2      | Found a bloodstained altar of Trog.
  3036 | D:3      | Gained mutation: You are immune to rotting. [demonic
                  | ancestry]
  3036 | D:3      | Reached XP level 5. HP: 41/41 MP: 5/5
  3135 | D:3      | Noticed Natasha
  3144 | D:3      | Killed Natasha
  3359 | D:3      | Noticed Natasha
  3364 | D:3      | Killed Natasha
  3364 | D:3      | Reached skill level 1 in Throwing
  3377 | D:3      | Noticed Natasha
  3382 | D:3      | Killed Natasha
  3382 | D:3      | Reached skill level 5 in Long Blades
  3417 | D:4      | Noticed Ijyb
  3434 | D:3      | Killed Ijyb
  3725 | D:4      | Reached XP level 6. HP: 24/47 MP: 6/6
  3863 | D:4      | Reached skill level 1 in Short Blades
  3879 | D:4      | Found a basalt altar of Yredelemnul.
  4323 | D:4      | Found a staircase to the Ecumenical Temple.
  4344 | Temple   | Entered the Ecumenical Temple
  4366 | Temple   | Became a worshipper of Warmaster Okawaru
  4614 | D:5      | Entered Level 5 of the Dungeon
  4654 | D:5      | Noticed an ice beast
  4661 | D:5      | Killed an ice beast
  4661 | D:5      | Gained mutation: You are mostly covered in icy blue scales.
                  | (AC +3) [demonic ancestry]
  4661 | D:5      | Reached XP level 7. HP: 52/52 MP: 7/7
  5090 | D:5      | Found a large runed translucent door.
  5092 | D:5      | Found a large runed translucent door.
  5098 | D:5      | Noticed twitchblade17's ghost (novice HaMo)
  6044 | D:6      | Reached * piety under Okawaru
  6218 | D:7      | Reached skill level 5 in Short Blades
  6265 | D:7      | Gained mutation: You have a pair of antennae on your head.
                  | [demonic ancestry]
  6265 | D:7      | Reached XP level 8. HP: 57/58 MP: 8/8
  6480 | D:7      | Reached ** piety under Okawaru
  6491 | D:7      | Reached skill level 5 in Dodging
  6661 | D:7      | Gained mutation: You have a pair of large antennae on your
                  | head. (SInv) [demonic ancestry]
  6661 | D:7      | Reached XP level 9. HP: 61/63 MP: 9/9
  7142 | D:7      | Reached *** piety under Okawaru
  7673 | D:8      | Got a brightly glowing jade ring
  7675 | D:8      | Identified the ring of Pride {+Blink rElec Str+3 Dex-4
                  | SInv} (You found it on level 8 of the Dungeon)
  7717 | D:8      | Reached skill level 1 in Evocations
  7770 | D:8      | Found a hazy altar of Hepliaklqana.
  8093 | D:9      | Reached **** piety under Okawaru
  8343 | D:9      | Reached XP level 10. HP: 58/70 MP: 12/12
  8443 | D:9      | Found Diriphonk's Antique Weapon Shop.
  8456 | D:9      | Found a flagged portal.
  8467 | Bailey   | Entered a bailey
  8950 | Bailey   | Received a gift from Okawaru
  9368 | Bailey   | Reached skill level 6 in Long Blades
 10136 | D:9      | Noticed a cyclops
 10149 | D:9      | Killed a cyclops
 10149 | D:9      | Reached skill level 7 in Long Blades
 10149 | D:9      | Reached skill level 1 in Invocations
 10264 | D:9      | Found a snail-covered altar of Cheibriados.
 10702 | D:10     | Entered Level 10 of the Dungeon
 10985 | D:10     | Found a shimmering blue altar of Sif Muna.
 11157 | D:10     | Reached ***** piety under Okawaru
 11247 | D:10     | Reached skill level 8 in Long Blades
 11573 | D:10     | Noticed a queen ant
 11631 | D:9      | Killed a queen ant
 11631 | D:9      | Gained mutation: You may emit foul miasma when damaged in
                  | melee. [demonic ancestry]
 11631 | D:9      | Reached XP level 11. HP: 55/75 MP: 12/14
 11727 | D:10     | Reached skill level 9 in Long Blades
 12821 | D:10     | Reached skill level 10 in Long Blades
 13483 | D:5      | Killed twitchblade17's ghost
 14413 | D:11     | Noticed a cyan ugly thing
 14423 | D:11     | Reached skill level 11 in Long Blades
 14439 | D:11     | Killed a cyan ugly thing
 14698 | D:11     | Found a large runed translucent door.
 14699 | D:11     | Found a large runed translucent door.
 14716 | D:11     | Found a radiant altar of Vehumet.
 14716 | D:11     | Noticed a tengu reaver
 14727 | D:11     | Killed from afar by a tengu reaver

Levels and vault maps discovered:
D:1:      dpeg_arrival_short_road, layout_basic, hex_large,
          chequers_serial_rivers_marsh
D:2:      layout_basic, nicolae_dithmenos_through_a_glass_darkly,
          gammafunk_temple_overflow_wave, uniq_terence, uniq_robin
D:3:      layout_rooms, first_ration, minmay_hedge_maze, hex_tiny, uniq_natasha
D:4:      layout_basic, lemuel_zombie_altar_yredelemnul,
          minmay_temple_entry_butterflies, uniq_ijyb
D:5:      layout_cave_pods, ebering_ghost_disaster_area
D:6:      minmay_skewed_foursquare, layout_basic, palyth_stone_intersect
D:7:      layout_basic, grunt_livestock, mumra_transporter_accident,
          kennysheep_generic_room_16
D:8:      layout_loops_ring, marbit_many_paths
D:9:      layout_loops_ring, overflow_temple_1_default, serial_shops, shop,
          enter_bailey_2
D:10:     layout_stronghold, basic_altar, chequers_serial_rivers_micro_a,
          minivault_29
D:11:     minmay_the_grid_triangle_9x9_line_8_mashed
          [minmay_the_grid_triangle_9x9_subtriangle,
          minmay_the_grid_triangle_9x9_negative_grid,
          minmay_the_grid_triangle_9x9_wacky_v,
          minmay_the_grid_triangle_9x9_impossible_snake,
          minmay_the_grid_triangle_9x9_fully_insulated_deathbox,
          minmay_the_grid_triangle_9x9_odd_lines,
          minmay_the_grid_triangle_9x9_thin_v,
          minmay_the_grid_triangle_9x9_prize_center], layout_rooms,
          grunt_lair_entry_orc_guard_hut, st_stairs_4, minivault_23,
          jmf_multi_god_temple2
Temple:   regret_index_temple_sphere_string

Skill      XL: |  1  2  3  4  5  6  7  8  9 10 11 |
---------------+----------------------------------+-----
Long Blades    | 2 3 4 5 8 11 | 11.2
Dodging        | 1 2 3 5 6 |  6.9
Throwing       | 1 |  1.0
Short Blades   | 3 5 7 9 |  9.8
Evocations     | 3 |  3.5
Invocations    | 4 |  4.1
Fighting       | |  3.0
Armour         | |  2.6
Shields        | |  2.6

Action                   |  1- 3 |  4- 6 |  7- 9 | 10-12 || total
-------------------------+-------+-------+-------+-------++-------
Melee: Long sword        |   146 |   105 |       |       ||   251
       Short sword       |       |    63 |   302 |   362 ||   727
       Rapier            |       |    12 |    26 |       ||    38
       Scimitar          |       |       |       |   361 ||   361
Throw: Dart              |       |       |     1 |     8 ||     9
Invok: Heroism           |       |       |       |    17 ||    17
       Finesse           |       |       |       |     1 ||     1
Evoke: Wand              |       |     5 |     4 |     1 ||    10
  Use: Scroll            |       |     3 |    11 |     7 ||    21
       Potion            |       |       |     2 |     6 ||     8
  Eat: Chunk             |     2 |    10 |     9 |    14 ||    35
       Ration            |       |       |     2 |     2 ||     4
Armor: Scale mail        |    79 |    53 |       |       ||   132
       Chain mail        |       |    30 |    88 |   192 ||   310
Dodge: Dodged            |    34 |    31 |    37 |   134 ||   236
Block: Kite shield       |    60 |    82 |   101 |   238 ||   481
       Rpst.: Long sword |    11 |     4 |       |       ||    15
       Scimitar          |       |       |       |    22 ||    22

Table legend:
 A = Non-vault XP
 B = Vault XP
 C = Vault XP percentage of total XP
 D = Non-vault monster count
 E = Vault monster count
 F = Vault count percentage of total count
                 A         B        C        D         E       F
            +---------+---------+-------+---------+---------+-------
      Total |    8003 |    9429 |  54.1 |     198 |     103 |  34.2
            +---------+---------+-------+---------+---------+-------
        D:1 |      39 |       5 |  11.4 |      16 |       3 |  15.8
        D:2 |      68 |      62 |  47.7 |      29 |       9 |  23.7
        D:3 |     100 |      71 |  41.5 |      14 |       2 |  12.5
        D:4 |     328 |       3 |   0.9 |      12 |       2 |  14.3
        D:5 |     317 |     529 |  62.5 |       7 |       1 |  12.5
        D:6 |     324 |      40 |  11.0 |      16 |       1 |   5.9
        D:7 |     918 |    1097 |  54.4 |      24 |       7 |  22.6
        D:8 |     566 |     174 |  23.5 |      21 |       1 |   4.5
        D:9 |    3066 |     858 |  21.9 |      31 |       1 |   3.1
       D:10 |    1945 |    3651 |  65.2 |      17 |      38 |  69.1
       D:11 |     332 |    1712 |  83.8 |      11 |       8 |  42.1
     Bailey |       0 |    1227 | 100.0 |       0 |      30 | 100.0
            +---------+---------+-------+---------+---------+-------
